 Dungeon Crawl Stone Soup version 0.31-a0-154-g56bf346678 (webtiles) character file.

Game seed: 1637014073631840396

72858 Daunt the Fighter (level 15, -2/158 HPs)
             Began as an Ogre Conjurer on June 8, 2023.
             Was a High Priest of Kikubaaqudgha.
             Slain by a spriggan defender zombie (10 damage)
             ... on level 15 of the Dungeon on June 15, 2023.
             The game lasted 03:36:34 (26470 turns).

Daunt the Fighter (Ogre Conjurer)                  Turns: 26470, Time: 03:36:38

Health: -2/158     AC:  6    Str: 15    XL:     15   Next: 41%
Magic:  11/30      EV: 10    Int: 29    God:    Kikubaaqudgha [*****.]
Gold:   1804       SH:  0    Dex:  9    Spells: 1/36 levels left

rFire   . . .        a - +3 trident (heavy)
rCold   . . .        (no shield)
rNeg    . . .        c - +2 robe {Will+}
rPois   .            (helmet restricted)
rElec   .            Z - +0 cloak {rCorr}
rCorr   +            (gloves unavailable)
SInv    .            (boots unavailable)
Will    +++..        V - amulet of regeneration
Stlth   +            C - +6 ring of intelligence
HPRegen 1.26/turn    X - ring of willpower
MPRegen 0.22/turn

%: no passive effects
@: mighty, death channelling, animating dead
A: large, unfitting armour, tough skin 1
a: Renounce Religion, Unearth Wretches, Torment


You were on level 15 of the Dungeon.
You worshipped Kikubaaqudgha.
Kikubaaqudgha was extremely pleased with you.
You visited 2 branches of the dungeon, and saw 20 of its levels.
You also visited: Sewer.

You collected 1830 gold pieces.
You spent 26 gold pieces at shops.

Inventory:

Hand Weapons
 a - a +3 heavy trident (weapon)
 b - the +3 rapier "Duttaisi" {heavy, *Noise rPois rF+ rN++}
   (You found it on level 2 of the Lair of Beasts)

   rF:        It protects you from fire.
   rPois:     It protects you from poison.
   rN:        It greatly protects you from negative energy.
   *Noise:    It may make noises in combat.
Missiles
 L - 4 boomerangs of dispersal
 M - 17 large rocks
 R - 4 javelins
Armour
 c - a +2 robe of willpower (worn)
 n - a +0 troll leather armour
 N - a +0 tower shield
 U - a +2 robe of cold resistance
 Z - a +0 cloak of preservation (worn)
Jewellery
 k - a ring of ice
 C - a +6 ring of intelligence (left hand)
 S - a +4 ring of protection
 T - a ring of wizardry
 V - an amulet of regeneration (around neck)
 X - a ring of willpower (right hand)
 Y - a ring of fire
Wands
 i - a wand of mindburst (8)
 t - a wand of charming (12)
 K - a wand of quicksilver (13)
 O - a wand of iceblast (13)
 P - a wand of polymorph (6)
 Q - a wand of flame (2)
Scrolls
 d - a scroll of amnesia {unknown}
 g - 4 scrolls of teleportation
 m - 3 scrolls of magic mapping
 o - 2 scrolls of torment
 p - a scroll of acquirement {unknown}
 q - a scroll of summoning {unknown}
 s - 4 scrolls of fog
 u - 3 scrolls of blinking
 w - a scroll of poison {unknown}
 x - 2 scrolls of vulnerability {unknown}
 y - 4 scrolls of enchant weapon
 E - 2 scrolls of fear {unknown}
 F - 3 scrolls of silence {unknown}
 H - a scroll of enchant armour {unknown}
 I - a scroll of immolation {unknown}
Potions
 e - 4 potions of invisibility
 f - a potion of resistance
 h - 4 potions of magic
 j - 3 potions of haste
 l - 10 potions of curing
 r - 5 potions of mutation
 v - 6 potions of might
 z - 2 potions of cancellation
 A - 3 potions of brilliance
 B - 2 potions of lignification
 D - 2 potions of degeneration {unknown}
 G - a potion of heal wounds {unknown}
 J - 2 potions of enlightenment {unknown}
 W - a potion of experience {unknown}


   Skills:
 + Level 12.3 Fighting
 * Level 8.7 Polearms
 - Level 5.0 Throwing
 - Level 2.0 Armour
 - Level 3.0 Dodging
 - Level 1.4 Stealth
 - Level 11.4 Spellcasting
 - Level 5.0 Conjurations
 + Level 5.0 Hexes
 + Level 11.7 Necromancy
 - Level 10.1 Ice Magic
 - Level 7.2 Earth Magic
 - Level 6.0 Evocations


You had one spell level left.
You knew the following spells:

 Your Spells              Type           Power      Damage    Failure   Level
a - Magic Dart            Conj           100%       1d8       1%          1
b - Sublimation of Blood  Necr           71%        N/A       1%          2
c - Death Channel         Necr           35%        N/A       4%          6
d - Animate Dead          Necr           71%        N/A       1%          4
e - Searing Ray           Conj           90%        2d7       1%          2
g - Agony                 Necr           71%        N/A       1%          5
n - Anguish               Hex/Necr       30%        N/A       1%          4
s - Simulacrum            Ice/Necr       34%        N/A       5%          6
v - Borgnjor's Vile Clut  Necr/Erth      32%        N/A       1%          5

Your spell library contained the following spells:

 Spells                   Type           Power      Damage    Failure   Level
 Necrotise                Necr           100%       1d9       1%          1
 Shock                    Conj/Air       100%       1d9       1%          1
 Apportation              Tloc           32%        N/A       3%          1
 Cigotuvi's Dreadful Rot  Necr/Pois/Air  78%        N/A       1%          2
 Dazzling Flash           Conj/Hex       90%        N/A       1%          3
 Vampiric Draining        Necr           71%        2d11      1%          3
 Leda's Liquefaction      Hex/Erth       25%        N/A       2%          4
 Lesser Beckoning         Tloc           32%        N/A       4%          2
 Cause Fear               Hex            22%        N/A       4%          4
 Fulminant Prism          Conj/Hex       22%        3d12      4%          4
 Summon Ice Beast         Ice/Summ       46%        N/A       4%          4
 Lee's Rapid Deconstruct  Erth           27%        3d15*     4%          5
 Petrify                  Tmut/Erth      37%        N/A       8%          4
 Gell's Gravitas          Tloc           16%        N/A       10%         3
 Swiftness                Air            16%        N/A       10%         3
 Teleport Other           Tloc           16%        N/A       10%         3
 Vhi's Electric Charge    Tloc/Air       32%        N/A       10%         3
 Iskenderun's Mystic Bla  Conj/Tloc      31%        2d8       12%         4
 Airstrike                Air            8%         2d(2-18)  32%         4
 Summon Lightning Spire   Summ/Air       16%        N/A       32%         4
 Arcjolt                  Conj/Air       15%        1d25      32%         5
 Irradiate                Conj/Tmut      15%        3d16      32%         5
 Silence                  Hex/Air        15%        N/A       32%         5
 Summon Mana Viper        Hex/Summ       31%        N/A       32%         5
 Leda's Unmaking          Conj/Erth      25%        9d5       38%         6
 Alistair's Intoxication  Tmut/Pois      10%        N/A       65%         5
 Statue Form              Tmut/Erth      24%        N/A       75%         6
 Enfeeble                 Hex            22%        N/A       98%         7
 Plasma Beam              Fire/Air       8%         2x1d18    99%         6
 Monstrous Menagerie      Summ           8%         N/A       100%        7
 Chain Lightning          Conj/Air       15%        3d20      100%        9


Dungeon Overview and Level Annotations

Branches:
Dungeon (15/15) Zot: 26652  Temple (0/1) D:5            Lair (5/5) D:8 Zot: 22339
 Shoals (0/4) Lair:2        Snake (0/4) Lair:2        Slime (0/5) Lair:4
    Orc (0/2) D:12         Vaults (0/5) D:13         Depths (0/4) D:15
  Sewer (visited)

Altars:
Cheibriados
Dithmenos
Elyvilon
Fedhas
Gozag
Kikubaaqudgha
Makhleb
Qazlal
Ru
Sif Muna
Trog
Vehumet
Wu Jian
Zin

Shops:
D:3 :   D:5 [   D:7 (   D:8 [   D:13 *

Portals:
Trove: D:11 (give 2 scrolls of acquirement)

Annotations:
D:3 Sigmund
D:4 Grinder
D:10 exclusion: 2 water elementals
D:12 Josephine
Lair:1 1 runed translucent door
Lair:3 Urug
Lair:4 2 transporters, Rapp's ghost, journeyman MeRe


Innate Abilities, Weirdness & Mutations

You are too large for most types of armour.
You have tough skin. (AC +1)


Message History

Things that are here:
a +0 hand axe; a +0 buckler; a +0 robe Unknown command.
The spriggan defender zombie hits you!
* * * LOW HITPOINT WARNING * * *
Unknown command.
Unknown command.
Unknown command.
It was a potion of might.
You feel very mighty all of a sudden.
The spriggan defender zombie barely misses you.
Okay, then.
Unknown command.
Okay, then.
Unknown command.
Okay, then.
Unknown command.
Unknown command.
Unknown command.
Unknown command.
Okay, then.
Unknown command.
Unknown command.
Okay, then.
Unknown command.
Okay, then.
Unknown command.
Unknown command.
You feel better.
Your spectral necromancer hits the spriggan defender zombie.
The spriggan defender zombie hits you but does no damage.
Your necromancer zombie hits the spriggan defender zombie.
You closely miss the spriggan defender zombie.
The spriggan defender zombie is lightly damaged.
The spriggan defender zombie hits you!!
* * * LOW HITPOINT WARNING * * *
Your spectral necromancer hits the spriggan defender zombie but does no damage.
The spriggan defender zombie hits you!
You die...
Kikubaaqudgha rasps: "You have failed me!
Welcome... death!"

#.......##.###
..#.##8.......
#.#.#...8.....
#.#.......8...
#.#.....P8..P.
#.#.8......P..
#.#.Z........P
###..ZZ...P.>...
#..)@#(..8../...
#....#......zP..
#....#..........
#...##.8........
#...###.....8...
#...# ##'8......
#...# ......###
# #...# # #...#
...


You could see a spriggan defender zombie (ally target), a friendly spectral
necromancer and a friendly necromancer zombie.

Vanquished Creatures
  2 ogre magi (D:14)
  2 hydras
  A vampire mage (D:15)
  2 death yaks (Lair:4)
  A skyshark (Lair:2)
  A skeletal warrior (D:15)
  A deep elf pyromancer (D:13)
  A necromancer (D:15)
  A merfolk siren (Lair:2)
  2 torpor snails (Lair:5)
  A black mamba (Lair:5)
  3 cane toads
  2 komodo dragons
  2 kobold demonologists (D:14)
  3 rime drakes
  An efreet (D:15)
  A troll (D:12)
  A polar bear (Lair:5)
  4 hornets (Lair:5)
  8 blink frogs
  2 tyrant leeches (Lair:5)
  4 wraiths
  2 hogs (D:12)
  A basilisk (Lair:2)
  20 yaks
  A steam dragon (D:8)
  3 vampire mosquitoes (D:14)
  A warg (Lair:5)
  2 hell hounds (Lair:5)
  6 water moccasins
  2 acid dragons
  2 ice beasts (D:5)
  4 orc warriors
  Pargi (Sewer)
  A sky beast (D:8)
  5 black bears
  3 ogres
  4 wolves
  3 centaurs
  A phantom (D:6)
  Blork the orc (D:3)
  2 kobold brigands (D:8)
  3 bullfrogs
  2 gnoll sergeants (D:9)
  A scorpion (D:5)
  3 wights
  8 killer bees
  5 howler monkeys
  3 gnoll boudas
  5 orc priests
  5 hounds
  2 jellies (D:6)
  Ijyb (D:3)
  8 iguanas
  Natasha (thrice) (D:3)
  7 orc wizards
  2 sleepcaps
  28 gnolls
  7 adders
  2 white imps
  An ufetubus (D:5)
  5 worms
  3 dart slugs
  38 orcs
  3 endoplasms
  6 giant cockroaches
  8 goblins
  5 hobgoblins
  6 quokkas
  2 ball pythons (D:2)
  4 bats
  A frilled lizard (D:2)
  26 kobolds
  4 rats
318 creatures vanquished.

Vanquished Creatures (collateral kills)
  Jorgrun (D:15)
  Rupert (D:14)
  Roxanne (D:15)
  Kirke (D:12)
  A fire dragon (Lair:5)
  Fannar (D:11)
  A hydra (Lair:1)
  6 death yaks (Lair:5)
  2 tengu warriors (D:15)
  A two-headed ogre (D:11)
  A skyshark (Lair:5)
  A lindwurm (Lair:5)
  4 deep elf pyromancers
  A stone giant zombie (D:15)
  4 ugly things
  2 cyclopes
  2 manticores
  3 black mambas (Lair:5)
  Maurice (D:12)
  7 cane toads
  2 torpor snails (Lair:5)
  A spriggan zombie (D:15)
  4 komodo dragons
  A queen bee (shapeshifter) (D:14)
  5 polar bears (Lair:5)
  A troll (D:11)
  2 tyrant leeches (Lair:5)
  6 blink frogs
  2 hornets (Lair:5)
  2 raiju (Lair:5)
  7 dream sheep (Lair:4)
  5 wraiths
  2 hogs (D:12)
  A wyvern (Lair:5)
  A vampire (D:13)
  24 yaks
  2 vampire mosquitoes
  5 wargs (Lair:5)
  A tengu zombie (D:15)
  10 water moccasins
  An acid dragon (D:13)
  9 hell hounds (Lair:5)
  7 black bears (Lair:5)
  10 wolves
  An ogre (D:5)
  A kobold brigand (D:14)
  6 bullfrogs
  2 killer bees (D:11)
  4 howler monkeys
  4 orc priests
  3 orc wizards
  3 gnolls (D:9)
  9 orcs
  A kobold (D:14)
187 creatures vanquished.

Vanquished Creatures (others)
  Louise (D:14)
  A vault guard (D:13)
  5 hydras
  An ugly thing zombie (D:12)
  An ugly thing (D:15)
  A human zombie (D:14)
  3 manticores
  A cyclops (D:13)
  A black mamba (Lair:4)
  2 torpor snails (Lair:5)
  An elephant (Lair:1)
  A gargoyle (D:11)
  4 cane toads
  An efreet (D:14)
  2 rime drakes
  4 komodo dragons
  3 polar bears (Lair:5)
  A troll (D:11)
  A hydra zombie (D:15)
  A hornet (D:10)
  2 raiju (Lair:5)
  A blink frog (Lair:2)
  3 black mamba zombies (Lair:5)
  A vampire (D:11)
  3 yaks
  A wyvern (Lair:3)
  2 tyrant leech zombies (Lair:5)
  A vampire mosquito (D:11)
  An acid dragon (D:13)
  An ogre zombie (D:14)
  5 cane toad zombies
  3 water moccasins
  An elephant zombie (Lair:1)
  3 orc warriors
  5 hornet zombies
  An elf zombie (D:14)
  3 wolves (Lair:5)
  A centaur (D:15)
  A manticore zombie (D:13)
  4 rime drake zombies
  2 vampire mosquito zombies (D:11)
  2 torpor snail zombies (Lair:5)
  A bullfrog (D:7)
  4 komodo dragon zombies
  2 wyvern zombies
  A hell hound zombie (Lair:5)
  7 water moccasin zombies
  4 polar bear zombies (Lair:5)
  A warg zombie (Lair:5)
  5 killer bees (D:9)
  13 yak zombies
  A queen bee zombie (D:14)
  A bullfrog zombie (Lair:1)
  2 centaur zombies (D:15)
  A basilisk zombie (Lair:2)
  An iguana (D:15)
  A sky beast zombie (D:8)
  A hound zombie (D:7)
  3 howler monkey zombies
  2 iguana zombies
  A jelly zombie (D:6)
  7 orcs (D:12)
  10 gnoll zombies
  10 kobold zombies (D:8)
  26 orc zombies
188 creatures vanquished.

Grand Total: 693 creatures vanquished

Notes
Turn   | Place    | Note
-------+----------+-------------------------------------------
     0 | D:1      | Daunt the Ogre Conjurer began the quest for the Orb.
     0 | D:1      | Reached XP level 1. HP: 16/16 MP: 3/3
   536 | D:1      | Reached XP level 2. HP: 24/24 MP: 3/6
   576 | D:1      | Found a faded altar of an unknown god.
  1498 | D:2      | Reached XP level 3. HP: 23/32 MP: 0/8
  1738 | D:1      | Learned a level 2 spell: Searing Ray
  1760 | D:2      | Reached skill level 1 in Fighting
  1961 | D:2      | Reached XP level 4. HP: 41/41 MP: 5/10
  2176 | D:2      | Reached skill level 2 in Fighting
  2465 | D:3      | Noticed Natasha
  2561 | D:3      | Noticed Sigmund
  2599 | D:3      | Found an ancient bone altar of Kikubaaqudgha.
  2607 | D:3      | Became a worshipper of Kikubaaqudgha
  2635 | D:3      | Noticed Ijyb
  2648 | D:3      | Killed Ijyb
  2649 | D:3      | Reached XP level 5. HP: 45/50 MP: 2/11
  2770 | D:3      | Reached skill level 3 in Fighting
  2852 | D:3      | Found Meaf's Book Emporium.
  2903 | D:3      | Found a glowing drain.
  2952 | Sewer    | Entered a sewer
  3048 | Sewer    | Noticed Pargi
  3062 | Sewer    | Killed Pargi
  3063 | Sewer    | Reached skill level 5 in Spellcasting
  3063 | Sewer    | Reached XP level 6. HP: 38/62 MP: 0/13
  3519 | D:3      | Killed Natasha
  3520 | D:3      | Reached skill level 4 in Fighting
  3741 | D:3      | Noticed Natasha
  3746 | D:3      | Killed Natasha
  3899 | D:3      | Noticed Natasha
  3905 | D:3      | Killed Natasha
  3954 | D:4      | Reached * piety under Kikubaaqudgha
  3954 | D:4      | Received a gift from Kikubaaqudgha
  4218 | D:4      | Found a glowing silver altar of Zin.
  4264 | D:4      | Reached XP level 7. HP: 71/71 MP: 10/15
  4383 | D:4      | Reached skill level 5 in Conjurations
  4499 | D:4      | Reached skill level 5 in Fighting
  4499 | D:4      | Reached skill level 1 in Necromancy
  4626 | D:4      | Noticed Grinder
  4852 | D:4      | Found a sacrificial altar of Ru.
  5057 | D:4      | Noticed Blork the orc
  5070 | D:3      | Killed Blork the orc
  5316 | D:5      | Entered Level 5 of the Dungeon
  5317 | D:5      | Found a burning altar of Makhleb.
  5351 | D:5      | Got the Tome of Electricity
  5417 | D:5      | Reached skill level 6 in Fighting
  5477 | D:5      | Reached XP level 8. HP: 83/83 MP: 12/16
  5588 | D:5      | Learned a level 4 spell: Animate Dead
  5813 | D:5      | Found Weopn's Armour Shop.
  5833 | D:5      | Found a staircase to the Ecumenical Temple.
  5867 | D:5      | Reached ** piety under Kikubaaqudgha
  5869 | D:5      | Found a radiant altar of Vehumet.
  5886 | D:5      | Reached skill level 7 in Fighting
  5939 | D:5      | Reached skill level 5 in Necromancy
  6826 | D:6      | Reached skill level 8 in Fighting
  6857 | D:6      | Reached XP level 9. HP: 96/96 MP: 6/17
  8759 | D:7      | Reached skill level 9 in Fighting
  8875 | D:7      | Found Wautyheh's Weapon Boutique.
  9041 | D:7      | Reached skill level 1 in Evocations
  9041 | D:7      | Found an opulent altar of Gozag.
  9064 | D:7      | Found a shadowy altar of Dithmenos.
  9211 | D:7      | Found an ornate altar of the Wu Jian Council.
  9265 | D:7      | Found a shimmering blue altar of Sif Muna.
  9361 | D:8      | Reached skill level 1 in Polearms
  9782 | D:8      | Learned a level 5 spell: Agony
  9796 | D:8      | Found Atyc's Antique Armour Shop.
 10093 | D:8      | Reached *** piety under Kikubaaqudgha
 10093 | D:8      | Received a gift from Kikubaaqudgha
 10150 | D:7      | Learned a level 4 spell: Anguish
 10240 | D:8      | Noticed a death yak
 10386 | D:8      | Reached skill level 1 in Hexes
 10494 | D:8      | Reached XP level 10. HP: 102/107 MP: 6/19
 10804 | D:8      | Found a staircase to the Lair.
 11348 | D:9      | Learned a level 5 spell: Borgnjor's Vile Clutch
 11473 | D:9      | Reached skill level 1 in Earth Magic
 12385 | D:9      | Reached **** piety under Kikubaaqudgha
 12662 | D:9      | Found a white marble altar of Elyvilon.
 12812 | D:10     | Entered Level 10 of the Dungeon
 13009 | D:10     | Upgraded the game from 0.31-a0-150-g89dc3ad700 to
                  | 0.31-a0-154-g56bf346678
 13239 | D:10     | Reached skill level 5 in Earth Magic
 13441 | D:10     | Reached XP level 11. HP: 97/115 MP: 3/22
 13567 | D:10     | Found a snail-covered altar of Cheibriados.
 13655 | D:10     | Paralysed by a hornet for 2 turns
 13808 | D:10     | Found a stormy altar of Qazlal.
 13981 | D:10     | Found a blossoming altar of Fedhas.
 14663 | Lair:1   | Entered Level 1 of the Lair of Beasts
 14680 | Lair:1   | Noticed a six-headed hydra
 14684 | Lair:1   | Reached skill level 1 in Armour
 15001 | Lair:1   | Killed a six-headed hydra
 15044 | Lair:1   | Reached skill level 1 in Throwing
 15583 | Lair:1   | Reached skill level 10 in Fighting
 15687 | Lair:1   | Found a runed translucent door.
 15688 | Lair:1   | Noticed a wolf spider
 16081 | Lair:2   | Found a staircase to the Shoals.
 16129 | Lair:2   | Found a staircase to the Snake Pit.
 16157 | Lair:2   | Reached XP level 12. HP: 117/126 MP: 9/24
 16481 | Lair:2   | Identified the +3 rapier "Duttaisi" {heavy, *Noise rPois
                  | rF+ rN++}
 16521 | Lair:2   | Noticed a skyshark
 16539 | Lair:2   | Killed a skyshark
 16539 | Lair:2   | Reached ***** piety under Kikubaaqudgha
 16540 | Lair:2   | Reached skill level 5 in Throwing
 16688 | Lair:2   | Reached skill level 1 in Ice Magic
 17358 | Lair:3   | Noticed Urug
 17431 | Lair:3   | Noticed a four-headed hydra
 17498 | Lair:3   | Killed a four-headed hydra
 17620 | Lair:3   | Reached skill level 5 in Ice Magic
 17720 | Lair:3   | Learned a level 6 spell: Simulacrum
 18344 | Lair:3   | Noticed an eight-headed hydra
 18351 | Lair:3   | Killed an eight-headed hydra
 18656 | Lair:4   | Noticed a five-headed hydra
 18662 | Lair:4   | Killed a five-headed hydra
 18663 | Lair:4   | Reached XP level 13. HP: 135/135 MP: 9/25
 18672 | Lair:4   | Found a transporter.
 18869 | Lair:4   | Found a bloodstained altar of Trog.
 18869 | Lair:4   | Noticed Rapp's ghost (journeyman MeRe)
 18917 | Lair:4   | Found a transporter.
 19557 | Lair:4   | Found a staircase to the Slime Pits.
 19630 | Lair:5   | Entered Level 5 of the Lair of Beasts
 19909 | Lair:5   | Reached skill level 10 in Spellcasting
 20232 | Lair:4   | Reached skill level 10 in Necromancy
 20607 | Lair:5   | Found a runed translucent door.
 20608 | Lair:5   | Noticed a fire dragon
 21121 | Lair:5   | Reached XP level 14. HP: 54/144 MP: 16/29
 21126 | Lair:5   | Reached skill level 10 in Ice Magic
 21526 | Lair:5   | Learned a level 2 spell: Sublimation of Blood
 21533 | Lair:5   | Learned a level 6 spell: Death Channel
 21750 | Lair:5   | Reached skill level 5 in Polearms
 22438 | D:11     | Reached ****** piety under Kikubaaqudgha
 22483 | D:11     | Noticed Fannar
 22492 | D:11     | Reached skill level 11 in Fighting
 22501 | D:11     | Killed Fannar
 22799 | D:11     | Found a portal to a secret trove of treasure.
 23123 | D:12     | Found a staircase to the Orcish Mines.
 23260 | D:12     | Noticed Maurice
 23264 | D:12     | Killed Maurice
 23568 | D:12     | Noticed Kirke
 23577 | D:12     | Reached skill level 5 in Evocations
 23590 | D:12     | Killed Kirke
 23718 | D:12     | Noticed Josephine
 24020 | D:13     | Found Seeth's Assorted Antiques.
 24112 | D:13     | Bought a sapphire potion for 26 gold pieces
 24653 | D:13     | Found a gate to the Vaults.
 24813 | D:14     | Noticed Rupert
 24829 | D:14     | Killed Rupert
 24830 | D:14     | Reached XP level 15. HP: 110/156 MP: 13/30
 25269 | D:14     | Noticed Louise
 25293 | D:14     | Killed Louise
 25309 | D:14     | Found a sacrificial altar of Ru.
 25503 | D:14     | Your ally Rupert died
 26138 | D:15     | Entered Level 15 of the Dungeon
 26153 | D:15     | Noticed Jorgrun
 26301 | D:15     | Killed Jorgrun
 26302 | D:15     | Reached skill level 12 in Fighting
 26316 | D:15     | Noticed Roxanne
 26342 | D:15     | Killed Roxanne
 26449 | D:15     | Reached skill level 5 in Hexes
 26451 | D:15     | Found a staircase to the Depths.
 26470 | D:15     | Slain by a spriggan defender zombie

Illustrated notes

Levels and vault maps discovered:
D:1:      dpeg_arrival_leaves_temple_mockup, layout_loops_corners,
          ebering_ecumenical_altar_webs
D:2:      wander_river, layout_basic
D:3:      layout_basic, nicolae_kikubaaqudgha_miasma_corner, serial_shops,
          nicolae_shop_crystal, cheibrodos_sewer_entry_bend,
          grunt_decor_arrowhead, uniq_natasha, uniq_ijyb, uniq_sigmund
D:4:      layout_rooms, mainiacjoe_overflow_paths, kennysheep_mini_moat,
          uniq_crazy_yiuf_cottage, uniq_grinder, uniq_blork_the_orc
D:5:      minmay_bubble_buster, layout_basic,
          mainiacjoe_overflow_concentric_impassable,
          mainiacjoe_overflow_brackets, temple_pool_b, serial_shops,
          nicolae_shop_trees
D:6:      layout_cave_pools, st_stairs_2
D:7:      layout_rooms, nicolae_dithmenos_shadow_blocks, lemuel_crystal_altar,
          nicolae_overflow_crystal_walls, led_sif_pool, serial_shops, shop,
          dreamdust_wishing_well
D:8:      layout_rooms, dpeg_lair_monsters, serial_shops,
          nicolae_lakefront_shop, hangedman_abyss_or_decor_passed
D:9:      layout_basic, mainiacjoe_overflow_chevrons, serial_glass,
          glass_columns_c, glass_columns_a
D:10:     minmay_spotlight, layout_cave_pods, fedhas_bush_and_centaur_altar,
          kennysheep_slug_shrine, nicolae_qazlal_scattered_showers,
          nicolae_underground_beach
D:11:     layout_rooms, enter_trove_3, uniq_fannar
D:12:     layout_basic, david_orc_5, uniq_josephine, uniq_maurice, uniq_kirke
D:13:     layout_roguey, david_vaults_5, serial_shops, nicolae_shop_dealshenge,
          minmay_misc_feat_more_columns, chequers_garden
D:14:     layout_stronghold, nicolae_ru_awakened_eye, chequers_mini_garden,
          uniq_rupert, uniq_louise
D:15:     gammafunk_depths_entry_grave, layout_basic, bloody_trog, uniq_roxanne,
          uniq_jorgrun
Lair:1:   gammafunk_indiana_jones, layout_chaotic_city, st_stairs_11
Lair:2:   layout_regular_city, minmay_shoals_entry_lonely_mermaid,
          dummy_snake_entry, chequers_serial_rivers_room_b
Lair:3:   layout_regular_city, columned_hall_lemuel, uniq_urug
Lair:4:   layout_cave_pods, slime_entry_1, gammafunk_ghost_wrathful_warriors
Lair:5:   hangedman_lair_caniforms_friends, layout_regular_city, wormcave,
          nicolae_lair_lil_pond, chequers_serial_rivers_micro_b,
          minmay_stone_trees_small

Skill      XL: |  1  2  3  4  5  6  7  8  9 10 11 12 13 14 15 |
---------------+----------------------------------------------+-----
Spellcasting   | 3 4 5 6 7 8 11 | 11.4
Fighting       | 1 2 3 4 6 8 9 10 11 12 | 12.3
Conjurations   | 4 5 |  5.0
Necromancy     | 3 6 7 8 10 11 | 11.7
Evocations     | 1 2 3 5 6 |  6.0
Polearms       | 4 7 8 |  8.7
Hexes          | 1 4 5 |  5.0
Earth Magic    | 5 7 |  7.2
Dodging        | 3 |  3.0
Armour         | 2 |  2.0
Throwing       | 2 5 |  5.0
Ice Magic      | 8 9 10 | 10.1
Stealth        | |  1.4

Action                     |  1- 3 |  4- 6 |  7- 9 | 10-12 | 13-15 || total
---------------------------+-------+-------+-------+-------+-------++-------
  Melee: Whip              |    10 |    23 |    80 |       |       ||   113
         Punch             |       |       |     1 |     5 |     5 ||    11
         Spear             |       |       |    33 |   301 |       ||   334
         Flail             |       |       |    21 |       |       ||    21
         Trident           |       |       |       |    40 |   437 ||   477
         Rapier            |       |       |       |       |     2 ||     2
  Throw: Dart              |       |       |       |     3 |       ||     3
         Boomerang         |       |       |       |     2 |       ||     2
   Cast: Magic Dart        |    69 |    73 |   193 |   112 |    47 ||   494
         Searing Ray       |     1 |    13 |    48 |    31 |       ||    93
         Animate Dead      |       |       |    15 |    19 |    14 ||    48
         Agony             |       |       |     2 |     3 |     8 ||    13
         Borgnjor's Vile C |       |       |       |    16 |    15 ||    31
         Anguish           |       |       |       |    22 |    69 ||    91
         Simulacrum        |       |       |       |     1 |    52 ||    53
         Death Channel     |       |       |       |       |    25 ||    25
         Sublimation of Bl |       |       |       |       |    26 ||    26
 Invoke: Unearth Wretches  |       |       |     1 |     2 |     4 ||     7
  Evoke: Wand              |       |       |     2 |    15 |     5 ||    22
    Use: Scroll            |       |     5 |     4 |     5 |     5 ||    19
         Potion            |       |     2 |     2 |     6 |     4 ||    14
   Stab: Sleeping          |       |     2 |       |       |       ||     2
         Paralysed         |       |       |     1 |     3 |     6 ||    10
         Distracted        |       |       |     1 |       |     7 ||     8
 Armour: Robe              |     6 |    12 |    30 |    58 |   166 ||   272
  Dodge: Dodged            |    10 |    33 |   184 |   188 |   208 ||   623

Table legend: (Time is in decaauts)
 A = Elapsed time spent in this place.
 B = Non-inter-level travel time spent in this place.
 C = Inter-level travel time spent in this place.
 D = Time resting spent in this place.
 E = Time spent auto-exploring this place.
 F = Levels seen in this place.
 G = Mean time per level.
                   A        B        C        D        E       F      G
               +--------+--------+--------+--------+--------+-----+--------+
         Total |  26640 |  24588 |   2052 |   7789 |   9145 |  21 | 1268.6 |
       Dungeon |  18658 |  16968 |   1690 |   5373 |   6473 |  15 | 1243.9 |
          Lair |   7660 |   7299 |    361 |   2283 |   2579 |   5 | 1532.0 |
         Sewer |    321 |    321 |      0 |    131 |     93 |   1 |  321.0 |
               +--------+--------+--------+--------+--------+-----+--------+

Top non-repeatable levels by time:
  Lair:5: 2308 daAuts
     D:9: 2153 daAuts
     D:6: 1955 daAuts
    D:10: 1573 daAuts
     D:3: 1530 daAuts
    D:14: 1479 daAuts
  Lair:4: 1427 daAuts
  Lair:2: 1391 daAuts
     D:8: 1371 daAuts
  Lair:1: 1364 daAuts
     D:5: 1347 daAuts
     D:1: 1269 daAuts
     D:2: 1183 daAuts
  Lair:3: 1169 daAuts
     D:4: 1119 daAuts
